 Dungeon Crawl Stone Soup version 0.30-a0-457-g4b7bca3bfa (webtiles) character file.

Game seed: 3820766474148645442

687 ryw the Covert (level 7, 0/56 (60) HPs)
             Began as a Gnoll Delver on Dec 14, 2022.
             Was an Initiate of Hepliaklqana.
             Slain by a wight
             ... wielding a +2 flail
              (8 damage)
             ... on level 5 of the Dungeon.
             The game lasted 00:07:48 (3886 turns).

ryw the Covert (Gnoll Delver)                       Turns: 3886, Time: 00:07:49

HP:   0/56 (60)     AC:  4    Str: 19    XL:     7   Next: 62%
MP:   11/11         EV: 14    Int:  9    God:    Hepliaklqana [......]
Gold: 251           SH:  0    Dex: 14    Spells: 11/11 levels left

rFire   . . .      SeeInvis .    a - +4 hand axe
rCold   . . .      Faith    .    (no shield)
rNeg    . . .      Spirit   .    s - +0 leather armour
rPois   +          Reflect  .    (no helmet)
rElec   .          Harm     .    (no cloak)
rCorr   .          Rampage  .    (no gloves)
Will    .....                    i - +0 pair of boots
Stlth   ++++......               (no amulet)
HPRegen 0.29/turn                p - +6 ring of strength
MPRegen 0.12/turn                j - ring of poison resistance

@: hasted, drained, very quick
A: fangs 1, strong nose, distributed training
a: Renounce Religion


You were on level 5 of the Dungeon.
You worshipped Hepliaklqana.
Hepliaklqana was noncommittal.
You visited 2 branches of the dungeon, and saw 6 of its levels.

You collected 251 gold pieces.

Inventory:

Hand Weapons
 a - a +4 hand axe (weapon)
 b - the +4 sling of Mayhem {vorpal, rC+}
   (You found it on level 2 of the Dungeon)

   Any ammunition fired from it inflicts extra damage upon your enemies.
   rC:        It protects you from cold.
Missiles
 l - 5 javelins (quivered)
 A - 4 poisoned darts
Armour
 i - a +0 pair of boots (worn)
 s - a +0 leather armour (worn)
Magical Staves
 h - a staff of earth
Jewellery
 j - a ring of poison resistance (right hand)
 p - a +6 ring of strength (left hand)
 r - a ring of protection from cold
 z - a ring of resist corrosion
Wands
 g - a wand of digging (3)
 v - a wand of flame (18)
 y - a wand of iceblast (23)
 B - a wand of paralysis (3)
Scrolls
 c - 2 scrolls of fog
 d - 4 scrolls of magic mapping
 e - a scroll of fear
 m - a scroll of immolation {unknown}
 n - a scroll of teleportation {unknown}
 t - 2 scrolls of identify {unknown}
 x - a scroll of poison {unknown}
 D - a scroll of silence {unknown}
Potions
 k - a potion of lignification {unknown}
 o - 2 potions of brilliance
 q - a potion of heal wounds {unknown}
 u - a potion of resistance {unknown}
 w - a potion of cancellation {unknown}
 C - a potion of curing


   Skills:
 + Level 7.1 Fighting
 + Level 2.7 Short Blades
 + Level 5.3 Long Blades
 + Level 2.7 Axes
 + Level 2.7 Maces & Flails
 + Level 2.7 Polearms
 + Level 2.7 Staves
 + Level 2.7 Ranged Weapons
 + Level 2.7 Throwing
 + Level 2.7 Armour
 + Level 5.3 Dodging
 + Level 10.0 Stealth
 + Level 2.7 Shields
 + Level 2.7 Unarmed Combat
 + Level 2.7 Spellcasting
 + Level 2.2 Conjurations
 + Level 2.2 Hexes
 + Level 2.2 Summonings
 + Level 2.2 Necromancy
 + Level 2.2 Translocations
 + Level 2.2 Transmutations
 + Level 2.2 Fire Magic
 + Level 2.2 Ice Magic
 + Level 2.2 Air Magic
 + Level 2.2 Earth Magic
 + Level 2.2 Poison Magic
 + Level 3.0 Invocations
 + Level 2.7 Evocations


You had 11 spell levels left.
You didn't know any spells.
Your spell library contained the following spells:

 Spells                   Type           Power      Damage    Failure   Level
 Sublimation of Blood     Necr           5%         N/A       22%         2
 Inner Flame              Hex/Fire       5%         N/A       41%         3
 Portal Projectile        Hex/Tloc       10%        N/A       41%         3
 Tukima's Dance           Hex            5%         N/A       41%         3
 Flame Wave               Conj/Fire      5%         2d5       83%         4
 Petrify                  Tmut/Erth      5%         N/A       83%         4
 Sticky Flame             Conj/Fire      5%         2d3       83%         4
 Summon Lightning Spire   Summ/Air       5%         N/A       83%         4
 Blade Hands              Tmut           2%         N/A       99%         5
 Irradiate                Conj/Tmut      2%         3d12      99%         5
 Storm Form               Tmut/Air       2%         N/A       100%        7
 Maxwell's Capacitive Co  Air            2%         ∞         100%        8


Dungeon Overview and Level Annotations

Branches:
Dungeon (5/15)             Temple (1/1) D:5

Altars:
Ashenzari
Dithmenos
Elyvilon
Hepliaklqana
Kikubaaqudgha
Makhleb
Ru
Uskayaw
Vehumet
Wu Jian
Xom
Yredelemnul
Zin
The Shining One

Shops:
D:1 =

Annotations:
D:4 1 runed translucent door, Crazy Yiuf


Innate Abilities, Weirdness & Mutations

You have very sharp teeth.
Your uncanny sense of smell can sniff out nearby items.
Your experience applies equally to all skills.


Message History

No target in view!
No target in view!
A black bear comes into view.
A wight comes into view. It is wielding a +4 spear.
A wight comes into view. It is wielding a +2 flail.
You hit the black bear.
The black bear is moderately wounded.
The black bear bites you. The black bear completely misses you.
The black bear closely misses you.
You hit the black bear.
The black bear is moderately wounded.
The black bear bites you.
The black bear claws you but does no damage.
The black bear claws you.
You barely miss the black bear.
The black bear is moderately wounded.
The black bear bites you. The black bear misses you. The black bear claws you.
You hit the black bear.
The black bear is heavily wounded.
You closely miss the wight. The black bear bites you.
The black bear closely misses you. The black bear claws you.
The wight barely misses you.
You hit the black bear but do no damage.
The black bear is heavily wounded.
You hit the wight but do no damage. The black bear bites you.
The black bear claws you. The black bear completely misses you.
The wight hits you with a +2 flail!
You feel drained.
You are too injured to fight recklessly!
You are too injured to fight recklessly!
You feel yourself speed up. The black bear barely misses you.
The black bear misses you. The black bear completely misses you.
The wight hits you with a +2 flail!
* * * LOW HITPOINT WARNING * * *
You feel drained.
* * * LOW HITPOINT WARNING * * *
You hit the black bear.
The black bear is severely wounded.
You closely miss the wight.
The black bear goes berserk!
The wight hits you with a +2 flail!
You die...

.# ..#. ... ## ....###
##.####. #...... .#
#....#.. #..... .#
.......... #?...##
.###..#...)...
###.....##.....# #..
#.....h.......# #..
.......@......### ##.#
.......z.......##. #..#
.............##...###..#
..........#### #....#.##
...........# #.#....##
.....#..##.## #.###....
........###.####........
........# ##..##........
...z....# ##...........


You could see a black bear (berserk) and a wight.

Vanquished Creatures
  5 wights (D:4)
  4 hounds
  An orc priest (D:4)
  Ijyb (D:4)
  3 orc wizards
  6 adders
  3 gnolls (D:4)
  2 shadow imps (D:4)
  A dart slug (D:2)
  2 orcs (D:5)
  8 ball pythons
  5 bats
  5 endoplasms
  5 giant cockroaches
  8 goblins
  2 hobgoblins
  3 jackals (D:1)
  4 quokkas
  2 frilled lizards
  5 kobolds
  3 rats
78 creatures vanquished.

Notes
Turn   | Place    | Note
-------+----------+-------------------------------------------
     0 | D:5      | Reached skill level 9 in Stealth
     0 | D:5      | ryw the Gnoll Delver began the quest for the Orb.
     0 | D:5      | Reached XP level 1. HP: 23/23 MP: 1/1
     6 | D:5      | Noticed a hound
    17 | D:5      | Reached XP level 2. HP: 29/29 MP: 2/2
    26 | D:5      | Reached skill level 1 in Invocations
    26 | D:5      | Reached XP level 3. HP: 30/35 MP: 2/4
    35 | D:5      | Reached skill level 1 in Short Blades
    35 | D:5      | Reached skill level 1 in Axes
    35 | D:5      | Reached skill level 1 in Maces & Flails
    35 | D:5      | Reached skill level 1 in Polearms
    35 | D:5      | Reached skill level 1 in Staves
    35 | D:5      | Reached skill level 1 in Ranged Weapons
    35 | D:5      | Reached skill level 1 in Throwing
    35 | D:5      | Reached skill level 1 in Armour
    35 | D:5      | Reached skill level 1 in Shields
    35 | D:5      | Reached skill level 1 in Unarmed Combat
    35 | D:5      | Reached skill level 1 in Spellcasting
    35 | D:5      | Reached skill level 1 in Evocations
    76 | D:5      | Found a white marble altar of Elyvilon.
   490 | D:3      | Reached XP level 4. HP: 40/41 MP: 5/5
   686 | D:1      | Reached skill level 1 in Conjurations
   686 | D:1      | Reached skill level 1 in Hexes
   686 | D:1      | Reached skill level 1 in Summonings
   686 | D:1      | Reached skill level 1 in Necromancy
   686 | D:1      | Reached skill level 1 in Translocations
   686 | D:1      | Reached skill level 1 in Transmutations
   686 | D:1      | Reached skill level 1 in Fire Magic
   686 | D:1      | Reached skill level 1 in Ice Magic
   686 | D:1      | Reached skill level 1 in Air Magic
   686 | D:1      | Reached skill level 1 in Earth Magic
   686 | D:1      | Reached skill level 1 in Poison Magic
   767 | D:1      | Found Cupsyupt's Jewellery Boutique.
  1211 | D:2      | Identified the +4 sling of Mayhem {vorpal, rC+}
  1292 | D:2      | Found a broken altar of Ashenzari.
  1557 | D:3      | Found a basalt altar of Yredelemnul.
  1956 | D:4      | Noticed Ijyb
  1971 | D:4      | Reached XP level 5. HP: 47/47 MP: 7/7
  2053 | D:4      | Killed Ijyb
  2163 | D:4      | Reached XP level 6. HP: 44/53 MP: 8/8
  2182 | D:4      | Reached skill level 5 in Long Blades
  2182 | D:4      | Reached skill level 5 in Dodging
  2296 | D:4      | Reached XP level 7. HP: 50/60 MP: 10/10
  2763 | D:4      | Found a runed translucent door.
  2764 | D:4      | Noticed Crazy Yiuf
  3382 | D:5      | Found a staircase to the Ecumenical Temple.
  3389 | Temple   | Entered the Ecumenical Temple
  3587 | Temple   | Became a worshipper of Hepliaklqana the Forgotten
  3652 | D:5      | Reached skill level 10 in Stealth
  3886 | D:5      | Slain by a wight

Illustrated notes

Levels and vault maps discovered:
D:1:      minmay_arrival_split_and_join, layout_rooms, serial_shops,
          nicolae_shop_hallway_stairs, minmay_misc_feat_hallway
D:2:      layout_basic, basic_altar
D:3:      layout_loops_cross, amcnicky_altar_gilded
D:4:      layout_rooms, uniq_ijyb, uniq_crazy_yiuf_cottage
D:5:      layout_layer_cave, temple_green, minmay_ruined_shrine
Temple:   dshaligram_water_room_temple

Skill      XL: |  1  2  3  4  5  6  7 |
---------------+----------------------+-----
Stealth        | 10 | 10.0
Invocations    | 1 2 3 |  3.0
Short Blades   | 1 2 |  2.7
Axes           | 1 2 |  2.7
Maces & Flails | 1 2 |  2.7
Polearms       | 1 2 |  2.7
Staves         | 1 2 |  2.7
Ranged Weapons | 1 2 |  2.7
Throwing       | 1 2 |  2.7
Armour         | 1 2 |  2.7
Shields        | 1 2 |  2.7
Unarmed Combat | 1 2 |  2.7
Spellcasting   | 1 2 |  2.7
Evocations     | 1 2 |  2.7
Conjurations   | 1 2 |  2.2
Hexes          | 1 2 |  2.2
Summonings     | 1 2 |  2.2
Necromancy     | 1 2 |  2.2
Translocations | 1 2 |  2.2
Transmutations | 1 2 |  2.2
Fire Magic     | 1 2 |  2.2
Ice Magic      | 1 2 |  2.2
Air Magic      | 1 2 |  2.2
Earth Magic    | 1 2 |  2.2
Poison Magic   | 1 2 |  2.2
Long Blades    | 5 |  5.3
Dodging        | 5 |  5.3
Fighting       | 7 |  7.1

Action                   |  1- 3 |  4- 6 |  7- 9 || total
-------------------------+-------+-------+-------++-------
Melee: Falchion          |    44 |    80 |       ||   124
       Bite              |     6 |     8 |     1 ||    15
       Hand axe          |       |       |    33 ||    33
 Fire: Sling             |       |    93 |    26 ||   119
  Use: Potion            |     1 |       |     4 ||     5
 Stab: Sleeping          |     1 |     6 |     3 ||    10
Armor: Leather armour    |    11 |    32 |    10 ||    53
Dodge: Dodged            |    24 |   106 |    36 ||   166

Table legend: (Time is in decaauts)
 A = Elapsed time spent in this place.
 B = Non-inter-level travel time spent in this place.
 C = Inter-level travel time spent in this place.
 D = Time resting spent in this place.
 E = Time spent auto-exploring this place.
 F = Levels seen in this place.
 G = Mean time per level.
                   A        B        C        D        E       F      G
               +--------+--------+--------+--------+--------+-----+--------+
         Total |   3920 |   3759 |    161 |    601 |   2185 |   6 |  653.3 |
       Dungeon |   3705 |   3559 |    146 |    601 |   2085 |   5 |  741.0 |
        Temple |    214 |    199 |     15 |      0 |    100 |   1 |  214.0 |
               +--------+--------+--------+--------+--------+-----+--------+

Top non-repeatable levels by time:
     D:4: 1324 daAuts
     D:5: 785 daAuts
     D:3: 705 daAuts
     D:1: 469 daAuts
     D:2: 419 daAuts
  Temple: 214 daAuts
